AoeStats
← 784f22fd

Arena

514044879Analyzed
3v3 RM · 2d ago on Oct 16, 2026· 37m 7s· 6 players
Game mode
Random Map
Map size
Normal (6 player)
Population
200
Speed
Normal
Resources
Standard
Victory
Conquest
Starting age
Dark Age
Ending age
Imperial Age
RankedLock teamsTeams togetherTeam positionsShared explorationLock speedFull tech treeHidden civsTurbo modeCheats
Victory
Defeat
🇹🇷 Franks · Türkiye
1008
+13
🇹🇷 Spanish · Türkiye
996
+14
🇯🇵 Khmer · Japan
919
+17
vs
🇩🇪 Teutons · Germany
961
-15
🇨🇳 Romans · China
947
-15
🇨🇳 Khmer · China
920
-14
784f22fd
10:03 Feudal Age
11:14 Loom
13:51 Castle Age
LordValor
13:38 Feudal Age
11:56 Loom
17:12 Castle Age
18:55 Fletching
27:33 Horse Collar
27:41 Double-Bit Axe
34:09 Imperial Age
32:53 Heavy Plow
33:38 Stone Mining
xuwg2001
0:30 Loom
11:27 Feudal Age
12:12 Double-Bit Axe
15:03 Castle Age
13:16 Horse Collar
15:55 Heavy Plow
17:37 Bow Saw
23:00 Gold Mining
27:42 Imperial Age
25:34 Stone Mining
26:36 Wheelbarrow
25:46 Town Watch
27:33 Stone Shaft Mining
28:26 Gold Shaft Mining
28:39 Bloodlines
27:52 Light Cavalry
29:48 Crop Rotation
29:25 Hussar
30:07 Fletching
30:28 Forging
30:24 Scale Barding Armor
31:55 Chemistry
31:43 Fortified Wall
31:31 Bodkin Arrow
31:47 Double Crossbow
32:36 Murder Holes
33:08 Hand Cart
33:23 Chain Barding Armor
33:52 Iron Casting
34:08 Conscription
34:04 Husbandry
33:27 Heavy Scorpion
36:05 Siege Engineers
Gurk Han
7:49 Loom
11:27 Feudal Age
16:34 Castle Age
15:53 Double-Bit Axe
17:46 Pikeman
32:36 Wheelbarrow
31:49 Town Watch
31:52 Horse Collar
36:43 Imperial Age
35:43 Padded Archer Armor
36:06 Gold Mining
37:35 Bow Saw
THE BRONZE BOMBER
11:18 Feudal Age
15:20 Castle Age
13:44 Double-Bit Axe
15:49 Loom
19:54 Forging
21:17 Scale Barding Armor
32:20 Imperial Age
31:53 Iron Casting
31:20 Scale Mail Armor
33:48 Hoardings
RuMiSuBa
11:27 Feudal Age
15:24 Castle Age
13:19 Double-Bit Axe
13:34 Horse Collar
24:04 Murder Holes
29:32 Imperial Age
27:46 Wheelbarrow
27:54 Husbandry
28:05 Bloodlines
28:08 Forging
28:04 Scale Barding Armor
28:05 Heavy Plow
27:57 Town Watch
28:45 Ballistics
29:14 Scale Barding Armor
30:29 Hand Cart
30:17 Town Patrol
30:40 Chain Barding Armor
32:05 Chemistry
31:57 Double Crossbow
32:49 Conscription
33:52 Gold Mining
33:55 Stone Mining
34:54 Crop Rotation
34:36 Bow Saw
35:04 Iron Casting
34:44 Fortified Wall
36:49 Blast Furnace
36:58 Siege Engineers
Connection lost

Rejoining the realm…

Still unreachable

The connection could not be restored.

Session expired

The server has moved on; the page needs a fresh start.